[Event "SixDays Budapest GM-B January 2024"]
[Site "Budapest"]
[Date "2024.02.01"]
[Round "9.5"]
[White "Lee, Alice"]
[Black "Varga, Zoltan"]
[Result "1/2-1/2"]
[ECO "A04"]
[WhiteElo "2379"]
[BlackElo "2366"]
[Annotator "ChessBase"]
[PlyCount "52"]
[EventDate "2024.01.26"]
[EventType "tourn"]
[EventCountry "HUN"]
[SourceTitle "playchess.com"]
[Source "ChessBase"]
[SourceQuality "1"]
[TimeControl "5400+30"]

1. Nf3 c5 2. c4 g6 3. d4 cxd4 4. Nxd4 Bg7 5. Nc3 Nc6 6. e3 b6 7. Be2 Bb7 8. O-O Nf6 9. b3 O-O 10. Bb2 Nxd4 11. exd4 d5 12. Re1 Rc8 13. Bf3 Re8 14. Rc1 Qd7 15. cxd5 Bh6 16. Rc2 Nxd5 17. Nxd5 Rxc2 18. Qxc2 Bxd5 19. Bxd5 Qxd5 20. Qc7 Qa5 21. Bc3 Qxa2 22. Qd7 Rf8 23. Bb4 Bg5 24. Bxe7 Qd2 25. Rf1 Bxe7 26. Qxe7 Qxd4 1/2-1/2